 Dungeon Crawl Stone Soup version 0.27-a0-760-gc38aae387d (webtiles) character file.

Game seed: 11580250388341656835

719 polve the Cleaver (level 7, -2/85 HPs)
             Began as a Hill Orc Berserker on Mar 24, 2021.
             Was a Believer of Trog.
             Slain by PeterLawrence's ghost (18 damage)
             ... on level 4 of the Dungeon.
             The game lasted 00:03:07 (5379 turns).

polve the Cleaver (Hill Orc Berserker)              Turns: 5379, Time: 00:03:08

Health: -2/85      AC:  5    Str: 20    XL:     7   Next: 70%
Magic:  7/7        EV: 11    Int:  7    God:    Trog [**....]
Gold:   194        SH:  0    Dex: 12    Spells: 6/6 levels left

rFire    . . .     SeeInvis .   n - +0 war axe
rCold    . . .     Faith    .   (no shield)
rNeg     . . .     Spirit   .   k - +0 ring mail
rPois    .         Reflect  .   (no helmet)
rElec    .         Harm     .   (no cloak)
rCorr    .         Rampage  .   (no gloves)
Will     .....                  (no boots)
Stlth    ..........             (no amulet)
HPRegen  0.24/turn              (no ring)
MPRegen  0.10/turn              (no ring)

@: berserking (expiring), very quick
A: no striking features
a: Renounce Religion, Berserk, Trog's Hand


You were on level 4 of the Dungeon.
You worshipped Trog.
Trog was pleased with you.
You visited 1 branch of the dungeon, and saw 4 of its levels.

You collected 194 gold pieces.

Inventory:

Hand Weapons
 n - a +0 war axe (weapon)
Armour
 k - a +0 ring mail (worn)
Scrolls
 a - a scroll of blinking {unknown}
 d - a scroll of holy word {unknown}
 e - 2 scrolls of identify {unknown}
 g - 2 scrolls of vulnerability {unknown}
 h - 2 scrolls of enchant weapon {unknown}
 l - a scroll of acquirement {unknown}
 m - a scroll of silence {unknown}
Potions
 b - a potion of might {unknown}
 c - a potion of lignification {unknown}
 f - a potion of degeneration {unknown}
 i - 3 potions of curing {unknown}
 j - a potion of attraction {unknown}


   Skills:
 - Level 3.6 Fighting
 + Level 11.3 Axes
 - Level 2.1 Armour
 - Level 1.5 Dodging


You had 6 spell levels left.
You didn't know any spells.
Your spell library was empty.

Dungeon Overview and Level Annotations

Branches:
Dungeon (4/15)
 Temple: D:4-7

Altars:
Ashenzari
Cheibriados
Fedhas
Kikubaaqudgha
Ru

Shops:
D:1 [

Annotations:
D:4 Anon1729's ghost, amateur KoBr; PeterLawrence's ghost, amateur MiFi


Message History

You slash alindkvist118's ghost!
You destroy alindkvist118's ghost!
Trog accepts your kill.
Trog appreciates your killing of a magic user.
You hit PeterLawrence's ghost. PeterLawrence's ghost hits you!
Your life force feels restored.
Your Axes skill increases to level 11!
You slash PeterLawrence's ghost!
PeterLawrence's ghost is severely damaged.
You slash Anon1729's ghost! Anon1729's ghost closely misses you.
PeterLawrence's ghost hits you but does no damage.
You completely miss PeterLawrence's ghost.
PeterLawrence's ghost is severely damaged.
You hit Anon1729's ghost but do no damage.
You completely miss PeterLawrence's ghost.
PeterLawrence's ghost is severely damaged.
You barely miss Anon1729's ghost. Anon1729's ghost hits you.
PeterLawrence's ghost hits you!!
You hit PeterLawrence's ghost.
PeterLawrence's ghost is severely damaged.
You closely miss Anon1729's ghost.
Anon1729's ghost hits you but does no damage.
PeterLawrence's ghost hits you!
* * * LOW HITPOINT WARNING * * *
You hit PeterLawrence's ghost but do no damage.
PeterLawrence's ghost is severely damaged.
You completely miss Anon1729's ghost. You slash PeterLawrence's ghost!
PeterLawrence's ghost is almost destroyed.
You barely miss Anon1729's ghost. Anon1729's ghost hits you.
* * * LOW HITPOINT WARNING * * *
PeterLawrence's ghost hits you but does no damage.
You completely miss PeterLawrence's ghost.
PeterLawrence's ghost is almost destroyed.
You completely miss Anon1729's ghost. You barely miss PeterLawrence's ghost.
PeterLawrence's ghost is almost destroyed.
You slash Anon1729's ghost! Anon1729's ghost barely misses you.
PeterLawrence's ghost hits you!!
You die...

#.# #.##.########
#.##############.##.#
#..............#.##.#
##############.#.##.# #.#.##.#
#.#.##.##
############.#.#...#######
#######.......WW##.#.#.^........
##.......#######@##.#.#...#######
...........# #.##.#.#####
######'''### #......#
#.#.........# #..#.########
#.#⌠.......⌠####..#.# #...######
#.#.........#.......# #.........
#.#........$####..### #...######
#.##8.....8## #..# ##.##
#.###.(8?(## #..# #.#


You could see Anon1729's ghost and PeterLawrence's ghost.

Vanquished Creatures
  The ghost of alindkvist118 the Thaumaturge, a novice DECj (D:4)
  3 ogres
  An orc priest (D:3)
  A jelly (D:4)
  An iguana (D:4)
  An orc wizard (D:3)
  An adder (D:3)
  An adder skeleton (D:4)
  2 worms (D:2)
  5 dart slugs
  5 orcs
  5 bats
  6 endoplasms
  5 giant cockroaches
  9 goblins
  2 hobgoblins
  7 jackals
  5 quokkas
  5 ball pythons
  2 frilled lizards
  3 kobolds (D:2)
  5 rats
  A rat zombie (D:4)
77 creatures vanquished.

Vanquished Creatures (others)
  4 withered plants (D:4)
4 creatures vanquished.

Grand Total: 81 creatures vanquished

Notes
Turn   | Place    | Note
-------+----------+-------------------------------------------
     0 | D:1      | polve the Hill Orc Berserker began the quest for the Orb.
     0 | D:1      | Reached XP level 1. HP: 19/19 MP: 1/1
     2 | D:1      | Found Inlenaga's Armour Shoppe.
   165 | D:1      | Reached XP level 2. HP: 17/26 MP: 2/2
   445 | D:1      | Reached skill level 5 in Axes
   655 | D:1      | Reached XP level 3. HP: 26/31 MP: 3/3
  1638 | D:2      | Reached ** piety under Trog
  1888 | D:2      | Found a broken altar of Ashenzari.
  1951 | D:2      | Reached skill level 6 in Axes
  2652 | D:3      | Reached XP level 4. HP: 38/39 MP: 4/4
  2743 | D:3      | Noticed an ogre
  2755 | D:3      | Killed an ogre
  2756 | D:3      | Reached skill level 8 in Axes
  2756 | D:3      | Reached XP level 5. HP: 30/45 MP: 5/5
  2968 | D:3      | Found a sacrificial altar of Ru.
  3319 | D:3      | Noticed an ogre
  3327 | D:3      | Killed an ogre
  3328 | D:3      | Reached skill level 9 in Axes
  3328 | D:3      | Reached XP level 6. HP: 14/51 MP: 6/6
  3721 | D:3      | Found a blossoming altar of Fedhas.
  3975 | D:4      | HP: 3/76 [ogre/+0 giant spiked club (9)]
  4360 | D:4      | Found a snail-covered altar of Cheibriados.
  4594 | D:4      | Found an ancient bone altar of Kikubaaqudgha.
  4708 | D:4      | Reached skill level 10 in Axes
  4708 | D:4      | Reached XP level 7. HP: 39/57 MP: 7/7
  5032 | D:4      | Found a runed translucent gate.
  5033 | D:4      | Found a runed translucent gate.
  5034 | D:4      | Found a runed translucent gate.
  5035 | D:4      | Noticed alindkvist118's ghost (novice DECj)
  5036 | D:4      | Noticed PeterLawrence's ghost (amateur MiFi)
  5036 | D:4      | Noticed Anon1729's ghost (amateur KoBr)
  5371 | D:4      | Killed alindkvist118's ghost
  5372 | D:4      | Reached skill level 11 in Axes
  5379 | D:4      | Slain by PeterLawrence's ghost

Illustrated notes

Levels and vault maps discovered:
D:1:      minmay_arrival_arboretum_small, layout_loops_ring, serial_shops, shop,
          minmay_statues_item, minmay_fountain_box
D:2:      layout_basic, general_overflow_altar, st_stairs_8, minmay_box_of_dots
D:3:      layout_basic, fedhas_altar_fruit_tree,
          nicolae_ru_great_annihilating_truth
D:4:      layout_loops_ring, kennysheep_little_box,
          lemuel_zombie_altar_kikubaaqudgha, gammafunk_ghost_cemetery,
          nrook_uturn

Skill      XL: |  1  2  3  4  5  6  7 |
---------------+----------------------+-----
Axes           | 5 6 8 9 10 11 | 11.3
Fighting       | |  3.6
Armour         | |  2.1
Dodging        | |  1.5

Action                   |  1- 3 |  4- 6 |  7- 9 || total
-------------------------+-------+-------+-------++-------
Melee: Hand axe          |   125 |    93 |       ||   218
       War axe           |       |     9 |    32 ||    41
Invok: Berserk           |     1 |     3 |     1 ||     5
 Stab: Sleeping          |     1 |       |       ||     1
       Invisible         |       |     1 |       ||     1
Armor: Animal skin       |    15 |       |       ||    15
       Ring mail         |     6 |    29 |     8 ||    43
Dodge: Dodged            |    70 |    56 |    11 ||   137

Table legend: (Time is in decaauts)
 A = Elapsed time spent in this place.
 B = Non-inter-level travel time spent in this place.
 C = Inter-level travel time spent in this place.
 D = Time resting spent in this place.
 E = Time spent auto-exploring this place.
 F = Levels seen in this place.
 G = Mean time per level.
                   A        B        C        D        E       F      G
               +--------+--------+--------+--------+--------+-----+--------+
         Total |   5391 |   5281 |    110 |    348 |   4374 |   4 | 1347.8 |
       Dungeon |   5391 |   5281 |    110 |    348 |   4374 |   4 | 1347.8 |
               +--------+--------+--------+--------+--------+-----+--------+

Top non-repeatable levels by time:
     D:2: 1609 daAuts
     D:4: 1462 daAuts
     D:3: 1270 daAuts
     D:1: 1049 daAuts
